 Dungeon Crawl Stone Soup version 0.32-a0-791-gfc315c9ecd (webtiles) character file.

Game seed: 9954079373328376189

228 AeshMezareph the Trooper (level 6, -3/60 HPs)
             Began as an Oni Warper on Mar 20, 2024.
             Was an Initiate of the Shining One.
             Slain by an ogre
             ... wielding a +0 giant spiked club
              (15 damage)
             ... on level 3 of the Dungeon.
             The game lasted 00:08:02 (4555 turns).

AeshMezareph the Trooper (Oni Warper)               Turns: 4555, Time: 00:08:02

Health: -3/60      AC:  4    Str: 18    XL:     6   Next: 2%
Magic:  9/9        EV:  8    Int: 14    God:    the Shining One [......]
Gold:   218        SH:  0    Dex:  8    Spells: 9/9 levels left

rFire   . . .        a - +0 mace
rCold   . . .        (no shield)
rNeg    . . .        b - +0 robe
rPois   .            (helmet restricted)
rElec   .            g - +0 cloak
rCorr   .            (gloves unavailable)
SInv    .            (boots unavailable)
Will    .....        (no amulet)
Stlth   +            (no ring)
HPRegen 0.30/turn    (no ring)
MPRegen 0.11/turn

%: no passive effects
@: glowing
A: large, unfitting armour, horns 1, tough skin 1, double potion healing,
drunken brawling, camouflage 1, frail 1, sense surroundings 1
a: Renounce Religion


You were on level 3 of the Dungeon.
You worshipped the Shining One.
The Shining One was noncommittal.
You visited 2 branches of the dungeon, and saw 6 of its levels.

You collected 257 gold pieces.
You spent 39 gold pieces at shops.

Inventory:

Hand Weapons
 a - a +0 mace (weapon)
Missiles
 d - 5 darts of dispersal (quivered)
 r - a poisoned dart
 w - 4 atropa-tipped darts
Armour
 b - a +0 robe (worn)
 g - a +0 cloak (worn)
Wands
 f - a wand of flame (4)
 l - a wand of digging (8)
 p - a wand of charming (6)
Scrolls
 c - 3 scrolls of blinking
 e - 5 scrolls of teleportation
 h - 2 scrolls of fear {unknown}
 i - 3 scrolls of identify {unknown}
 k - a scroll of vulnerability {unknown}
 m - 2 scrolls of butterflies {unknown}
 n - 3 scrolls of poison {unknown}
 o - a scroll of revelation {unknown}
 s - a scroll of silence {unknown}
 u - a scroll of immolation {unknown}
Potions
 q - a potion of invisibility {unknown}
 t - a potion of berserk rage {unknown}
 v - a potion of enlightenment {unknown}


   Skills:
 + Level 5.9 Fighting
 + Level 4.4 Maces & Flails
 - Level 1.0 Throwing
 - Level 2.1 Dodging
 + Level 2.4 Spellcasting
 + Level 2.7 Translocations
 + Level 0.0 Invocations


You had 9 spell levels left.
You didn't know any spells.
Your spell library contained the following spells:

 Spells                   Type           Power      Damage    Failure   Level
 Blink                    Tloc           18%        N/A       12%         2
 Lesser Beckoning         Tloc           18%        N/A       12%         2
 Necrotise                Necr           4%         1d4       22%         1
 Teleport Other           Tloc           9%         N/A       22%         3
 Vampiric Draining        Necr           1%         2d6       56%         3
 Manifold Assault         Tloc           9%         N/A       58%         4
 Vhi's Electric Charge    Tloc/Air       10%        N/A       78%         4
 Animate Dead             Necr           1%         N/A       92%         4
 Martyr's Knell           Necr/Summ      1%         N/A       92%         4
 Curse of Agony           Necr           1%         N/A       99%         5
 Haunt                    Necr/Summ      0%         N/A       100%        7
 Infestation              Necr           0%         N/A       100%        8


Dungeon Overview and Level Annotations

Branches:
Dungeon (5/15)             Temple (1/1) D:4

Altars:
Ashenzari
Cheibriados
Dithmenos
Elyvilon
Hepliaklqana
Nemelex Xobeh
Okawaru
Qazlal
Ru
Sif Muna
Uskayaw
Vehumet
Wu Jian
Xom
Zin
The Shining One

Shops:
D:1 !

Annotations:
D:5 Edmund


Innate Abilities, Weirdness & Mutations

You are too large for most types of armour.
You have a pair of small horns on your head.
You have tough skin. (AC +1)
You gain doubled healing and magic from potions.
Whenever you drink a healing potion, you attack all around you.
Your skin changes colour to match your surroundings (Stealth+).
You are frail. (-10% HP)
You passively map a small area around you.


Message History

You see here 5 stones.
The ogre is no longer charmed.
Throw: 5 darts (atropa)
Press: ? - help, Shift-Dir - straight line, f - ogre
Aim: an ogre, wielding a +0 giant spiked club (70% to hit, chance to blind on hit: 27%)
You throw an atropa-tipped dart. The atropa-tipped dart hits the ogre.
The ogre resists.
The ogre hits you with a +0 giant spiked club!!
You barely miss the ogre.
Unknown command.
You barely miss the ogre. You headbutt the ogre.
The ogre is lightly wounded.
The ogre hits you with a +0 giant spiked club!
Unknown command.
You completely miss the ogre.
The ogre is lightly wounded.
The ogre barely misses you.
Unknown command.
You barely miss the ogre.
The ogre is lightly wounded.
The ogre closely misses you.
Unknown command.
You sock the ogre! You headbutt the ogre.
The ogre is heavily wounded.
Unknown command.
You hit the ogre. You headbutt the ogre.
The ogre is heavily wounded.
The ogre hits you with a +0 giant spiked club.
Unknown command.
You barely miss the ogre. You headbutt the ogre.
The ogre is severely wounded.
The ogre hits you with a +0 giant spiked club!!
* * * LOW HITPOINT WARNING * * *
Unknown command.
It was a potion of mutation.
You feel extremely strange.
You feel frail.
You feel a strange attunement to the structure of the dungeons.
Your skin functions as natural camouflage.
The ogre hits you with a +0 giant spiked club!
You die...

#.#. #.#. #.#.
###############.#.
#>................
#(#..#######.##### #.##.#
#...... ##########O##.#
####### #........#@##.#
#.######†#.##.######
#.#....#.#.##......##
#.#.##.#.#.#######..#######
#.#.#.<#.#.# #..(........
#.#.####.#.#####.#.########
#.#......#.......#.#######
#.###############........#
#........................#


You could see an ogre.

Vanquished Creatures
  A howler monkey (D:4)
  A hound (D:4)
  An iguana (D:4)
  Ijyb (D:4)
  4 adders
  4 dart slugs
  A ribbon worm (D:3)
  2 orcs
  9 ball pythons
  4 bats
  5 endoplasms
  2 giant cockroaches
  4 goblins
  A hobgoblin (D:2)
  4 jackals
  6 kobolds
  3 quokkas
  4 frilled lizards
  5 rats
62 creatures vanquished.

Notes
Turn   | Place    | Note
-------+----------+-------------------------------------------
     0 | D:1      | AeshMezareph the Oni Warper began the quest for the Orb.
     0 | D:1      | Reached XP level 1. HP: 22/22 MP: 3/3
    35 | D:1      | Found Borinef's Distillery.
   181 | D:1      | Reached skill level 3 in Fighting
   390 | D:1      | Reached XP level 2. HP: 31/31 MP: 5/5
  1251 | D:2      | Reached XP level 3. HP: 39/39 MP: 6/6
  1526 | D:2      | Reached skill level 4 in Fighting
  1992 | D:2      | Reached XP level 4. HP: 48/49 MP: 7/7
  2094 | D:1      | Bought a potion of curing for 39 gold pieces
  2402 | D:3      | Found a faded altar of an unknown god.
  3164 | D:4      | Reached skill level 5 in Fighting
  3164 | D:4      | Reached XP level 5. HP: 36/57 MP: 8/8
  3245 | D:4      | Noticed Ijyb
  3505 | D:4      | Killed Ijyb
  3642 | D:4      | Found a shadowy altar of Dithmenos.
  3776 | D:4      | Found a staircase to the Ecumenical Temple.
  3795 | Temple   | Entered the Ecumenical Temple
  3846 | Temple   | Became a worshipper of Elyvilon the Healer
  3932 | D:4      | Reached XP level 6. HP: 26/67 MP: 9/9
  4102 | D:4      | Found a glowing golden altar of the Shining One.
  4108 | D:4      | Fell from the grace of Elyvilon
  4108 | D:4      | Became a worshipper of the Shining One
  4391 | D:5      | Entered Level 5 of the Dungeon
  4391 | D:5      | Noticed Edmund
  4555 | D:3      | Gained mutation: You are frail. (-10% HP) [potion of
                  | mutation]
  4555 | D:3      | Gained mutation: You passively map a small area around you.
                  | [potion of mutation]
  4555 | D:3      | Gained mutation: Your skin changes colour to match your
                  | surroundings (Stealth+). [potion of mutation]
  4555 | D:3      | Slain by an ogre

Illustrated notes

Levels and vault maps discovered:
D:1:      kennysheep_arrival_seaside, layout_loops_corners, serial_shops,
          nicolae_shop_tiny_real_fake_doors, minmay_misc_feat_encased
D:2:      layout_basic
D:3:      layout_basic, ebering_ecumenical_altar_abandoned
D:4:      layout_basic, old_standard_altar, nicolae_tso_carved_into_rock,
          minmay_temple_entry_offerings, minmay_misc_feat_pillars, uniq_ijyb
D:5:      layout_gridville, grunt_temple_overflow_growth_and_decay, uniq_edmund,
          uniq_blork_the_orc
Temple:   compressed_dpeg_circular_temple

Skill      XL: |  1  2  3  4  5 |
---------------+----------------+-----
Fighting       | 3 4 5 |  5.9
Maces & Flails | 3 4 |  4.4
Throwing       | |  1.0
Dodging        | |  2.1
Spellcasting   | |  2.4
Translocations | |  2.7

Action                     |  1- 3 |  4- 6 || total
---------------------------+-------+-------++-------
  Melee: Mace              |   113 |   129 ||   242
         Headbutt          |    14 |    18 ||    32
  Throw: Dart              |       |     6 ||     6
  Evoke: Wand              |       |     1 ||     1
    Use: Potion            |       |     3 ||     3
         Scroll            |       |     2 ||     2
   Stab: Sleeping          |     1 |       ||     1
 Armour: Robe              |    81 |   136 ||   217
  Dodge: Dodged            |    62 |    63 ||   125

Table legend: (Time is in decaauts)
 A = Elapsed time spent in this place.
 B = Non-inter-level travel time spent in this place.
 C = Inter-level travel time spent in this place.
 D = Time resting spent in this place.
 E = Time spent auto-exploring this place.
 F = Levels seen in this place.
 G = Mean time per level.
                   A        B        C        D        E       F      G
               +--------+--------+--------+--------+--------+-----+--------+
         Total |   4615 |   4136 |    479 |    388 |   3094 |   6 |  769.2 |
       Dungeon |   4554 |   4133 |    421 |    388 |   3094 |   5 |  910.8 |
        Temple |     60 |      2 |     58 |      0 |      0 |   1 |   60.0 |
               +--------+--------+--------+--------+--------+-----+--------+

Top non-repeatable levels by time:
     D:1: 1248 daAuts
     D:3: 1197 daAuts
     D:2: 1185 daAuts
     D:4: 912 daAuts
  Temple: 60 daAuts
     D:5: 10 daAuts
